[Event "Titled Tuesday Blitz October 31 Late 2023"]
[White "Fernandez Hernandez, Gerardo"]
[Black "Zivic, Dragan"]
[WhiteFideId "2207400"]
[BlackFideId "904740"]
[WhiteElo "2158"]
[BlackElo "2312"]
[Result "0-1"]
[Round "4"]
[TimeControl "180+1"]
[Date "2023.10.31"]
[WhiteClock "0:00:00"]
[BlackClock "0:00:27"]
[Board "152"]

1. e4 c6 2. d4 d5 3. exd5 cxd5 4. c4 Nf6 5. Nc3 Nc6 6. Bf4 a6 7. c5 g6 8. Nf3 Bg7 9. h3 O-O 10. Bd3 Nh5 11. Be3 e5 12. dxe5 d4 13. Bg5 f6 14. exf6 Bxf6 15. Ne4 Bxg5 16. Nfxg5 Nf4 17. O-O h6 18. Bc4+ Kg7 19. Nf3 g5 20. Nd6 Qf6 21. Nh2 Be6 22. Bxe6 Qxe6 23. Ng4 Qd5 24. f3 Qxc5 25. Ne4 Qd5 26. Kh1 Rae8 27. Qd2 Nh5 28. Rae1 Ne5 29. Nxe5 Qxe5 30. Kg1 Nf4 0-1


[Site "https://www.chess.com"]

[Event "Titled Tuesday Blitz October 31 Late 2023"]
[White "ChessDojo"]
[Black "Skaric, Djuro"]
[BlackFideId "934569"]
[WhiteElo "2147"]
[BlackElo "2308"]
[Result "0-1"]
[Round "4"]
[TimeControl "180+1"]
[Date "2023.10.31"]
[WhiteClock "0:00:00"]
[BlackClock "0:00:18"]
[Board "153"]

1. c4 d6 2. Nc3 g6 3. d4 Bg7 4. e4 Nf6 5. Be2 O-O 6. Nf3 Nc6 7. O-O h6 8. h3 e5 9. d5 Ne7 10. Be3 Ne8 11. Ne1 f5 12. f4 exf4 13. Bxf4 g5 14. Bc1 f4 15. Nf3 Ng6 16. Nd4 Ne5 17. Bg4 Nf6 18. Be6+ Kh7 19. Bf5+ Bxf5 20. Nxf5 Qd7 21. Ne2 Kh8 22. b3 Nxe4 23. Nxg7 Kxg7 24. Bb2 Rae8 25. Nd4 Ng3 26. Rf3 Nxf3+ 27. Qxf3 Kg8 28. Ne6 Rxe6 29. dxe6 Qxe6 30. Kh2 c6 31. Qc3 Nf5 32. Re1 Qg6 33. c5 d5 34. Qe5 Kh7 35. a4 Qf7 36. a5 a6 37. b4 Ng7 38. Qd4 Re8 39. Rxe8 Nxe8 40. Qd3+ Kg8 41. Qd4 Ng7 42. Qe5 Kh7 43. Qd6 Nf5 44. Qe5 Kg6 45. Qh8 h5 46. Qe5 Qe7 47. Qh8 Ng7 48. Qg8 g4 49. hxg4 hxg4 50. Bc3 g3+ 51. Kh3 Qf7 52. Qc8 Qf5+ 53. Qxf5+ Nxf5 54. Kg4 f3 55. Kxf3 d4 56. Bd2 Kf6 57. Bf4 Ke6 58. Ke4 d3 0-1


[Site "https://www.chess.com"]

[Event "Titled Tuesday Blitz October 31 Late 2023"]
[White "Nichols, Anthony"]
[Black "Harriott, Tyrell"]
[WhiteFideId "2083701"]
[BlackFideId "2086484"]
[WhiteElo "2128"]
[BlackElo "2304"]
[Result "0-1"]
[Round "4"]
[TimeControl "180+1"]
[Date "2023.10.31"]
[WhiteClock "0:01:11"]
[BlackClock "0:01:15"]
[Board "155"]

1. d4 d5 2. c4 e6 3. g3 c6 4. Bg2 Bd6 5. Nf3 f5 6. O-O Nf6 7. b3 O-O 8. Ba3 f4 9. Bxd6 Qxd6 10. Nc3 Nbd7 11. Qd2 fxg3 12. hxg3 e5 13. dxe5 Nxe5 14. Nxe5 Qxe5 15. cxd5 Ng4 16. Bf3 Qh5 17. Bxg4 Bxg4 18. f3 Qh3 19. Rf2 Bh5 20. g4 Bg6 21. dxc6 bxc6 22. Rg2 Rad8 23. Qe1 Qh6 24. g5 Qh5 25. Rd1 Bf5 26. Rxd8 Rxd8 27. e4 Be6 28. Ne2 Qf7 29. f4 Bh3 30. Rg3 Bc8 31. Qf2 Qh5 32. Qh2 Rd1+ 33. Kg2 Qxe2# 0-1


[Site "https://www.chess.com"]

[Event "Titled Tuesday Blitz October 31 Late 2023"]
[White "rikchessmx"]
[Black "miraitrunks"]
[WhiteElo "2292"]
[BlackElo "2080"]
[Result "1-0"]
[Round "4"]
[TimeControl "180+1"]
[Date "2023.10.31"]
[WhiteClock "0:02:39"]
[BlackClock "0:02:36"]
[Board "156"]

1. d4 Nf6 2. c4 g6 3. Nc3 d5 4. e4 dxe4 5. f3 e3 6. Bxe3 Bg7 7. Qd2 O-O 8. O-O-O Nc6 9. g4 e5 10. d5 Nd4 11. h4 h5 12. gxh5 Nxh5 13. Bg5 Qd6 14. Ne4 Qb6 15. c5 1-0


[Site "https://www.chess.com"]

[Event "Titled Tuesday Blitz October 31 Late 2023"]
[White "Cardozo Munar, Carlos Eduardo"]
[Black "Oliveira, Tiago Batista"]
[WhiteFideId "4409477"]
[BlackFideId "2108291"]
[WhiteElo "2256"]
[BlackElo "2044"]
[Result "1-0"]
[Round "4"]
[TimeControl "180+1"]
[Date "2023.10.31"]
[WhiteClock "0:01:30"]
[BlackClock "0:00:02"]
[Board "157"]

1. d4 Nf6 2. Bg5 d5 3. Bxf6 gxf6 4. g3 c6 5. Bg2 Bg7 6. Nd2 f5 7. c3 Nd7 8. Ngf3 e6 9. O-O Nf6 10. a4 Ne4 11. a5 Qf6 12. a6 b6 13. Ne5 Bd7 14. Nxd7 Kxd7 15. Nf3 Qg6 16. Qa4 Rhc8 17. e3 f6 18. c4 Ke7 19. Rac1 Qe8 20. Rc2 Qd7 21. Rfc1 Bf8 22. Ne1 b5 23. cxb5 cxb5 24. Qa5 Rxc2 25. Rxc2 Rc8 26. Rxc8 Qxc8 27. Bxe4 fxe4 28. Qxb5 Qc1 29. Qb7+ Ke8 30. Kf1 Qd2 31. Qxa7 Bb4 32. Qb8+ Kf7 33. a7 Qxe1+ 34. Kg2 Qe2 35. Qxb4 Qf3+ 36. Kf1 Qd1+ 37. Qe1 Qa4 38. Qb1 Qxa7 39. b4 Qa6+ 40. b5 Qb6 41. Qb4 f5 42. Qc5 Qa5 43. b6 Qa1+ 44. Kg2 Qd1 45. Qc7+ Kg6 46. Qf4 Qb1 47. Qd6 Qd1 48. Qxe6+ Kh5 49. Qxf5+ 1-0


[Site "https://www.chess.com"]

[Event "Titled Tuesday Blitz October 31 Late 2023"]
[White "Slavin, Alexey"]
[Black "leonidsh29"]
[WhiteFideId "24104388"]
[WhiteElo "2249"]
[BlackElo "2032"]
[Result "1-0"]
[Round "4"]
[TimeControl "180+1"]
[Date "2023.10.31"]
[WhiteClock "0:00:48"]
[BlackClock "0:00:00"]
[Board "158"]

1. e4 d5 2. Nc3 dxe4 3. Nxe4 Nf6 4. Nxf6+ exf6 5. Bc4 Be6 6. Qe2 Qd7 7. d4 Be7 8. Nf3 O-O 9. O-O Bxc4 10. Qxc4 c6 11. c3 Na6 12. Bf4 Bd6 13. Bg3 Bxg3 14. hxg3 Rfe8 15. Rfe1 Nc7 16. Nd2 Qd5 17. Qb3 Qxb3 18. axb3 a6 19. Nc4 Nb5 20. Kf1 Kf8 21. Nb6 Rad8 22. Rxe8+ Kxe8 23. Re1+ Kf8 24. f3 Nd6 25. g4 Nc8 26. Na4 Re8 27. Nc5 Rxe1+ 28. Kxe1 Nd6 29. Ke2 Ke7 30. Ke3 a5 31. Kf4 b6 32. Na4 Nc8 33. Ke4 Kd6 34. f4 g6 35. f5 g5 36. c4 b5 37. Nc5 bxc4 38. bxc4 Kc7 39. b3 Nd6+ 40. Kd3 Nb7 41. Ne4 Nd6 42. Nxf6 Nxc4 43. Kxc4 Kd6 44. Nxh7 f6 45. Nxf6 a4 46. bxa4 c5 47. dxc5+ Kc7 48. Kd5 1-0


[Site "https://www.chess.com"]

[Event "Titled Tuesday Blitz October 31 Late 2023"]
[White "Krasik, Ilya"]
[Black "Hon, Eric"]
[WhiteFideId "2024527"]
[BlackFideId "2097117"]
[WhiteElo "2010"]
[BlackElo "2248"]
[Result "0-1"]
[Round "4"]
[TimeControl "180+1"]
[Date "2023.10.31"]
[WhiteClock "0:00:07"]
[BlackClock "0:00:03"]
[Board "159"]

1. d4 Nf6 2. c4 c5 3. d5 b5 4. cxb5 a6 5. b6 d6 6. Nc3 Nbd7 7. a4 a5 8. e4 Nxb6 9. Bb5+ Bd7 10. Nf3 e6 11. dxe6 fxe6 12. Bf4 Bxb5 13. axb5 Be7 14. O-O O-O 15. Bg3 Nh5 16. Re1 Qd7 17. e5 d5 18. Qc2 Nxg3 19. hxg3 d4 20. Ne4 Qxb5 21. Ra3 Nd5 22. Neg5 d3 23. Qxd3 Qxd3 24. Rxd3 Bxg5 25. Nxg5 Rfe8 26. Nxe6 Nb4 27. Rd6 Rac8 28. Red1 Nc2 29. f4 Ne3 30. R1d3 Nf5 31. Ra6 c4 32. Rd5 c3 33. bxc3 Rxc3 34. g4 Ne3 35. Rd7 Rcc8 36. Rxg7+ Kh8 37. Rf7 Nxg4 38. Ng5 Rc1# 0-1


[Site "https://www.chess.com"]

[Event "Titled Tuesday Blitz October 31 Late 2023"]
[White "Nihal Sarin"]
[Black "Chigaev, Maksim"]
[WhiteFideId "25092340"]
[BlackFideId "4108116"]
[WhiteElo "3134"]
[BlackElo "2947"]
[Result "1-0"]
[Round "5"]
[TimeControl "180+1"]
[Date "2023.10.31"]
[WhiteClock "0:00:13"]
[BlackClock "0:00:00"]
[Board "1"]

1. d4 Nf6 2. Nf3 g6 3. Nc3 d5 4. Bf4 c6 5. e3 Nh5 6. h4 Bg4 7. Be5 f6 8. Bh2 Qb6 9. Rb1 Nd7 10. Be2 Bg7 11. Nd2 Bxe2 12. Nxe2 f5 13. c4 e6 14. b4 O-O 15. O-O a6 16. a4 Qd8 17. cxd5 cxd5 18. Nf3 Rc8 19. Qb3 Nb6 20. b5 a5 21. Rfc1 Nc4 22. b6 h6 23. Bc7 Qe7 24. Rxc4 dxc4 25. Qxc4 Kh7 26. Qc5 Qd7 27. Qb5 Qe7 28. g3 Nf6 29. Kg2 Nd5 30. Nf4 Nc3 31. Qb3 Nxb1 32. Qxb1 Rfe8 33. Nd3 Rxc7 34. bxc7 Qxc7 35. Nf4 Qc6 36. h5 g5 37. d5 Qxa4 38. Nxe6 Qe4 39. Qb5 Rxe6 40. dxe6 g4 41. Qe8 gxf3+ 42. Kh2 f4 43. gxf4 Qc2 44. Kg3 Qb1 45. e7 Qg1+ 46. Kxf3 Qd1+ 47. Ke4 Qc2+ 48. Kd5 Qb3+ 49. Kd6 Qb4+ 50. Kd7 Qb5+ 51. Kd8 Qd5+ 52. Qd7 1-0


[Site "https://www.chess.com"]

[Event "Titled Tuesday Blitz October 31 Late 2023"]
[White "Sjugirov, Sanan"]
[Black "Martinez Alcantara, Jose Eduardo"]
[WhiteFideId "4189302"]
[BlackFideId "3805662"]
[WhiteElo "2947"]
[BlackElo "3124"]
[Result "0-1"]
[Round "5"]
[TimeControl "180+1"]
[Date "2023.10.31"]
[WhiteClock "0:00:00"]
[BlackClock "0:01:11"]
[Board "2"]

1. e4 c5 2. Nf3 d6 3. d4 cxd4 4. Nxd4 a6 5. c4 e6 6. Nc3 Nf6 7. Be2 b6 8. O-O Bb7 9. f4 Nbd7 10. Bf3 Qc7 11. Be3 Be7 12. Rc1 Nc5 13. Qc2 Rc8 14. f5 e5 15. Nde2 Qb8 16. b4 Ncd7 17. Qd3 O-O 18. g4 h6 19. Ng3 Nh7 20. Rc2 Bg5 21. Bf2 Rfd8 22. Rd1 Nhf6 23. Nge2 h5 24. gxh5 b5 25. cxb5 axb5 26. Qxb5 d5 27. exd5 e4 28. Bg2 Ng4 29. d6 Nxf2 30. Kxf2 Qa7+ 31. Kf1 Nf6 32. Qa5 Qe3 33. Qe5 Ba6 34. b5 Bxb5 35. Qxb5 Ng4 0-1


[Site "https://www.chess.com"]

[Event "Titled Tuesday Blitz October 31 Late 2023"]
[White "Andreikin, Dmitry"]
[Black "Ibarra Jerez, Jose Carlos"]
[WhiteFideId "4158814"]
[BlackFideId "2226332"]
[WhiteElo "3114"]
[BlackElo "2921"]
[Result "1-0"]
[Round "5"]
[TimeControl "180+1"]
[Date "2023.10.31"]
[WhiteClock "0:00:05"]
[BlackClock "0:00:01"]
[Board "3"]

1. d4 Nf6 2. c4 d6 3. Nc3 e5 4. Nf3 e4 5. Ng5 Qe7 6. Qc2 Bf5 7. g4 Bg6 8. Bg2 Nc6 9. Nd5 Nxd4 10. Qa4+ Qd7 11. Nxc7+ Kd8 12. Nb5 h6 13. Nh3 Qxg4 14. Nf4 Nxe2 15. Nxe2 Qxg2 16. Rg1 Qh3 17. Bf4 e3 18. fxe3 Qf5 19. Ned4 Qe4 20. Nc3 Qe8 21. Qb3 Qd7 22. O-O-O a6 23. c5 d5 24. Nf3 Rc8 25. Ne5 Qe6 26. Qxb7 Bxc5 27. Nxg6 fxg6 28. Kb1 Qd7 29. Qxa6 d4 30. Be5 Re8 31. Bxd4 Qf5+ 32. e4 Nxe4 33. Bxc5+ Nd2+ 34. Ka1 Qc2 35. Qd6# 1-0


[Site "https://www.chess.com"]

[Event "Titled Tuesday Blitz October 31 Late 2023"]
[White "Pranav, V"]
[Black "Kazakouski, Valery"]
[WhiteFideId "25060783"]
[BlackFideId "13507443"]
[WhiteElo "3052"]
[BlackElo "2886"]
[Result "0-1"]
[Round "5"]
[TimeControl "180+1"]
[Date "2023.10.31"]
[WhiteClock "0:00:01"]
[BlackClock "0:00:08"]
[Board "4"]

1. e4 c5 2. Nf3 a6 3. d4 cxd4 4. Nxd4 Nf6 5. Nc3 e5 6. Nf3 Bb4 7. Bd2 d6 8. Bd3 Nbd7 9. O-O Nc5 10. Re1 O-O 11. h3 h6 12. a3 Bxc3 13. Bxc3 Na4 14. Qd2 Qc7 15. Bf1 Nxc3 16. bxc3 Be6 17. Re3 Nd7 18. Nh4 Nc5 19. Rae1 Kh7 20. Rg3 g6 21. c4 Qe7 22. Nf3 f5 23. exf5 gxf5 24. Bd3 e4 25. Nd4 exd3 26. Rge3 Qg5 27. cxd3 Rae8 28. Qa5 Rg8 29. Rg3 Qf6 30. Qc7+ Bf7 31. Rxe8 Rxe8 32. Nc2 f4 33. Rf3 Re7 34. Qb8 Bh5 35. g4 Bg6 36. Nb4 Bf7 37. Kh2 Nb3 38. d4 Nxd4 39. Rd3 f3 40. Rd1 Qf4+ 41. Kh1 Re2 42. Nd3 Qf6 43. Qxb7 Kg7 44. Qd7 Qh4 45. g5 hxg5 46. Rg1 Ne6 47. Rg3 Rd2 48. Rxf3 Qh5 49. Kg2 Rxd3 50. Rxd3 Nf4+ 51. Kh2 Nxd3 52. Qxd6 Nf4 53. Qd4+ Kh7 54. Qe4+ Qg6 55. Qb7 Qf5 56. Qf3 Be6 57. c5 Qxh3+ 0-1


[Site "https://www.chess.com"]

[Event "Titled Tuesday Blitz October 31 Late 2023"]
[White "Krallis, Christos"]
[Black "Bortnyk, Mykola"]
[WhiteFideId "4298896"]
[BlackFideId "14120836"]
[WhiteElo "2742"]
[BlackElo "3011"]
[Result "1-0"]
[Round "5"]
[TimeControl "180+1"]
[Date "2023.10.31"]
[WhiteClock "0:00:17"]
[BlackClock "0:00:00"]
[Board "5"]

1. e4 Nf6 2. e5 Nd5 3. Nf3 d6 4. d4 dxe5 5. Nxe5 c6 6. Be2 Bf5 7. O-O Nd7 8. Nf3 e6 9. c4 N5f6 10. Nc3 Bd6 11. h3 h6 12. Be3 O-O 13. Qb3 Qc7 14. Rfd1 Rfe8 15. Rac1 a5 16. Na4 Rab8 17. Nc5 Nxc5 18. dxc5 Be7 19. Qb6 Qxb6 20. cxb6 Rbd8 21. Nd4 Be4 22. f3 Bg6 23. Nb3 Ra8 24. a4 e5 25. Nc5 Rab8 26. Nd7 Nxd7 27. Rxd7 Bf5 28. Rdd1 Red8 29. c5 Be6 30. Rd2 Bb3 31. Rxd8+ Rxd8 32. Rc3 Bd1 33. Kf2 f5 34. Ke1 Bxa4 35. Ra3 Bc2 36. Rxa5 Bd3 37. Ra7 Bh4+ 38. Bf2 Bxf2+ 39. Kxf2 Bxe2 40. Kxe2 Rd7 41. b4 Kf8 42. b5 Rd8 43. bxc6 bxc6 44. b7 1-0


[Site "https://www.chess.com"]

[Event "Titled Tuesday Blitz October 31 Late 2023"]
[White "Aravindh, Chithambaram VR."]
[Black "Elsa167"]
[WhiteFideId "5072786"]
[WhiteElo "2882"]
[BlackElo "2967"]
[Result "1-0"]
[Round "5"]
[TimeControl "180+1"]
[Date "2023.10.31"]
[WhiteClock "0:00:04"]
[BlackClock "0:00:00"]
[Board "6"]

1. d4 Nf6 2. Nf3 g6 3. g3 Bg7 4. Bg2 O-O 5. O-O d6 6. Nc3 d5 7. Bf4 c6 8. a4 a5 9. Ne5 Nbd7 10. Qd2 Nxe5 11. Bxe5 Ne8 12. e4 dxe4 13. Bxg7 Kxg7 14. Nxe4 Nd6 15. Nc5 Qc7 16. Rfe1 b6 17. Nd3 Bb7 18. Qg5 e6 19. h4 Nf5 20. c3 Rad8 21. Nf4 Qe7 22. Qg4 Kh8 23. Re5 c5 24. d5 Qf6 25. Rae1 exd5 26. Bxd5 Bc6 27. Bxc6 Qxc6 28. h5 Rde8 29. hxg6 hxg6 30. Nd5 Rxe5 31. Rxe5 Re8 32. Qf4 Kg7 33. Qe4 Rxe5 34. Qxe5+ f6 35. Qe4 Qd6 36. Nf4 Ne7 37. Qb7 g5 38. Ng2 Kg6 39. Ne3 Nc6 40. Qc8 Ne7 41. Qe8+ Kg7 42. Kf1 Qe6 43. Ke2 Qf7 44. Qd7 Ng6 45. Nf5+ Kg8 46. Nh6+ 1-0


[Site "https://www.chess.com"]

[Event "Titled Tuesday Blitz October 31 Late 2023"]
[White "Javakhadze, Zurab"]
[Black "Hong, Andrew"]
[WhiteFideId "13603647"]
[BlackFideId "2099438"]
[WhiteElo "2784"]
[BlackElo "2959"]
[Result "0-1"]
[Round "5"]
[TimeControl "180+1"]
[Date "2023.10.31"]
[WhiteClock "0:00:00"]
[BlackClock "0:00:04"]
[Board "7"]

1. Nf3 d5 2. g3 Bg4 3. Bg2 e6 4. O-O Nf6 5. d3 Be7 6. Nbd2 O-O 7. h3 Bh5 8. c4 c6 9. b3 Nbd7 10. Bb2 a5 11. a3 Qb6 12. Rc1 Rfd8 13. Rc2 c5 14. cxd5 exd5 15. d4 Bg6 16. dxc5 Bxc2 17. cxb6 Bxd1 18. Rxd1 Nxb6 19. Nd4 a4 20. b4 Rac8 21. e3 g6 22. Nb5 Rc2 23. Bd4 Nfd7 24. Nb1 Bf6 25. N1c3 Bxd4 26. Rxd4 Nf6 27. Bf3 Rc8 28. Nxd5 Nfxd5 29. Bxd5 Nxd5 30. Rxd5 Ra2 31. Rd4 Rcc2 32. Rf4 Kf8 33. h4 Ke7 34. g4 f6 35. Kg2 Rd2 36. Kg3 Ke6 37. Re4+ Kf7 38. Rc4 Rxf2 39. Rc7+ Ke6 40. Rxb7 h5 41. gxh5 gxh5 42. Nd4+ Kd5 43. Rd7+ Ke4 44. Re7+ Kd3 45. b5 Rfb2 46. Rd7 Rxa3 47. b6 Ke4 48. b7 Rxe3+ 0-1


[Site "https://www.chess.com"]

[Event "Titled Tuesday Blitz October 31 Late 2023"]
[White "Bok, Benjamin"]
[Black "Bashirli, Nail"]
[WhiteFideId "1017063"]
[BlackFideId "13406809"]
[WhiteElo "2956"]
[BlackElo "2773"]
[Result "1-0"]
[Round "5"]
[TimeControl "180+1"]
[Date "2023.10.31"]
[WhiteClock "0:00:34"]
[BlackClock "0:00:18"]
[Board "8"]

1. d4 Nf6 2. c4 b6 3. Nc3 Bb7 4. Qc2 g6 5. e4 d6 6. Nf3 Bg7 7. Be2 O-O 8. O-O Nfd7 9. Be3 Nc6 10. d5 Nce5 11. Nd2 Nf6 12. h3 c6 13. f4 Ned7 14. Nf3 Rc8 15. Bd4 cxd5 16. cxd5 a6 17. Qd2 b5 18. Qe3 b4 19. Na4 Qa5 20. b3 Nc5 21. Nxc5 dxc5 22. Be5 Qb6 23. Rac1 e6 24. dxe6 Qxe6 25. Bc4 Qb6 26. Bxf6 Bxf6 27. e5 Be7 28. Ng5 Rcd8 29. f5 Qc6 30. Rc2 Bxg5 31. Qxg5 Qe4 32. Re2 Qd4+ 33. Kh1 Qc3 34. fxg6 Qxh3+ 35. Kg1 h6 36. Bxf7+ Rxf7 37. Qxd8+ 1-0


[Site "https://www.chess.com"]

[Event "Titled Tuesday Blitz October 31 Late 2023"]
[White "Mahdavi, Reza"]
[Black "Krzyzanowski, Marcin"]
[WhiteFideId "12595926"]
[BlackFideId "1132199"]
[WhiteElo "2935"]
[BlackElo "2765"]
[Result "0-1"]
[Round "5"]
[TimeControl "180+1"]
[Date "2023.10.31"]
[WhiteClock "0:00:04"]
[BlackClock "0:00:05"]
[Board "9"]

1. c4 e5 2. Nc3 Bb4 3. Nd5 a5 4. a3 Bc5 5. e3 d6 6. Ne2 c6 7. Ndc3 Ba7 8. d4 Nd7 9. Ng3 Ngf6 10. Be2 O-O 11. O-O Re8 12. b4 Nf8 13. Bb2 Ng6 14. dxe5 Nxe5 15. Nce4 Nxe4 16. Nxe4 Bb8 17. Ng3 Qh4 18. Qd4 Qxd4 19. exd4 Ng6 20. d5 Nf4 21. Bf3 cxd5 22. cxd5 Bd7 23. Bc1 Nd3 24. Bd2 axb4 25. axb4 Ba7 26. Ne4 Bd4 27. Rxa8 Rxa8 28. Nxd6 Nxf2 29. Bc3 Bxc3 30. Kxf2 Bd4+ 31. Ke2 Be5 32. Nc4 Bb5 33. Rc1 Ra2+ 34. Kd3 f5 35. Ke3 Bxh2 36. Na5 g5 37. Rc8+ Kg7 38. Kd4 Bd7 39. Rd8 Bg1+ 40. Kc3 Bb5 41. Rc8 g4 42. Rc7+ Kg6 43. Bd1 Rxg2 44. Rxb7 Bf1 45. d6 Bh2 46. d7 Be5+ 47. Kb3 Rd2 48. Bc2 g3 49. Nc6 Bf6 50. Rb6 Kg5 51. Rb5 Bxb5 0-1


[Site "https://www.chess.com"]

[Event "Titled Tuesday Blitz October 31 Late 2023"]
[White "Szpar, Milosz"]
[Black "Bauman_Guy"]
[WhiteFideId "1184989"]
[WhiteElo "2762"]
[BlackElo "2920"]
[Result "1-0"]
[Round "5"]
[TimeControl "180+1"]
[Date "2023.10.31"]
[WhiteClock "0:00:05"]
[BlackClock "0:00:00"]
[Board "10"]

1. Nf3 d5 2. e3 c6 3. c4 Nf6 4. Nc3 g6 5. d4 Bg7 6. Be2 O-O 7. O-O a6 8. a4 dxc4 9. a5 Bg4 10. Ne5 Bxe2 11. Qxe2 Nbd7 12. Nxc4 Nd5 13. e4 Nc7 14. Rd1 Nb5 15. Be3 Qc7 16. Rac1 Rfd8 17. Na4 Nf6 18. Qf3 Nd7 19. Nab6 Nxb6 20. Nxb6 Rab8 21. Bf4 e5 22. dxe5 Bxe5 23. Bxe5 Qxe5 24. Nd7 Qxb2 25. Nxb8 Rxb8 26. Qf4 Rf8 27. Qd2 Qa3 28. h4 h5 29. Re1 Re8 30. Re3 Qe7 31. g3 Qf6 32. Rd1 c5 33. Qd7 Re7 34. Qc8+ Kh7 35. Qxc5 Re5 36. Qf8 Nc7 37. Rd8 Ne6 38. Qg8+ Kh6 39. Rd7 Qg7 40. Qxf7 Qxf7 41. Rxf7 Rb5 42. Re7 Nd4 43. Rd3 Nc6 44. Re8 Nxa5 45. Kg2 Kg7 46. Rd7+ Kf6 47. Rd6+ Kf7 48. Rh8 Nc4 49. Rh7+ Kg8 50. Rdd7 Ne5 51. Rdg7+ Kf8 52. Rxb7 Rc5 53. Rb8+ 1-0


[Site "https://www.chess.com"]

[Event "Titled Tuesday Blitz October 31 Late 2023"]
[White "Eljanov, Pavel"]
[Black "Rastbod, Ali"]
[WhiteFideId "14102951"]
[BlackFideId "12567477"]
[WhiteElo "2822"]
[BlackElo "2759"]
[Result "1-0"]
[Round "5"]
[TimeControl "180+1"]
[Date "2023.10.31"]
[WhiteClock "0:00:06"]
[BlackClock "0:00:00"]
[Board "11"]

1. e4 e6 2. d4 d5 3. e5 c5 4. c3 Nc6 5. Nf3 Qb6 6. a3 c4 7. Nbd2 Na5 8. Be2 f6 9. O-O Bd7 10. Qc2 O-O-O 11. a4 Be8 12. Rb1 Bg6 13. Qd1 Bxb1 14. Nxb1 Qb3 15. Qe1 Qxa4 16. Nbd2 Qc6 17. Bd1 Kb8 18. b4 cxb3 19. Nxb3 Nc4 20. Nfd2 fxe5 21. dxe5 Nxd2 22. Bxd2 Qc7 23. Nd4 Bc5 24. Nxe6 Qc8 25. Nxd8 Qxd8 26. Bf3 Ne7 27. Bg5 Qc7 28. Qe2 Rd8 29. Rb1 h6 30. Bxe7 Qxe7 31. g3 Bb6 32. Rd1 Qc5 33. Rd3 a5 34. e6 a4 35. Rxd5 Rxd5 36. Bxd5 Bd8 37. Qe5+ Ka7 38. Qd4 Kb6 39. Ba2 Qxd4 40. cxd4 1-0


[Site "https://www.chess.com"]

[Event "Titled Tuesday Blitz October 31 Late 2023"]
[White "Sokolovsky, Yahli"]
[Black "Manukyan, Sargis A."]
[WhiteFideId "2820242"]
[BlackFideId "13303970"]
[WhiteElo "2795"]
[BlackElo "2638"]
[Result "1-0"]
[Round "5"]
[TimeControl "180+1"]
[Date "2023.10.31"]
[WhiteClock "0:00:24"]
[BlackClock "0:00:00"]
[Board "12"]

1. b3 d5 2. Bb2 e6 3. e3 Nf6 4. Nf3 c5 5. d4 Nc6 6. Nbd2 Be7 7. Bd3 b6 8. Ne5 Bb7 9. O-O O-O 10. f4 Nb4 11. Be2 Ne4 12. c3 Nc6 13. Nxe4 dxe4 14. Qc2 f5 15. Bc4 Nxe5 16. dxe5 Qc8 17. Rfd1 Bc6 18. a4 a6 19. Qe2 g6 20. g4 fxg4 21. Qxg4 Rf5 22. Kh1 b5 23. axb5 Bxb5 24. Qe2 Bxc4 25. Qxc4 Kf7 26. Qxe4 Rb8 27. Ra3 a5 28. Rd2 c4 29. Rxa5 Rxb3 30. Ra7 Qb8 31. Rdd7 Rxb2 32. Rxe7+ Kf8 33. Rxh7 Rb1+ 34. Kg2 Rb2+ 35. Kh3 Rxh2+ 36. Kxh2 Qb2+ 37. Kg3 Rg5+ 38. fxg5 Qg2+ 39. Qxg2 1-0


[Site "https://www.chess.com"]

[Event "Titled Tuesday Blitz October 31 Late 2023"]
[White "DopplerCharlotteDeWitte"]
[Black "Hakobyan, Aram"]
[BlackFideId "13306677"]
[WhiteElo "2747"]
[BlackElo "3057"]
[Result "0-1"]
[Round "5"]
[TimeControl "180+1"]
[Date "2023.10.31"]
[WhiteClock "0:00:00"]
[BlackClock "0:00:08"]
[Board "13"]

1. e4 e5 2. Nf3 Nc6 3. d4 exd4 4. Nxd4 Nf6 5. Bb5 Bb4+ 6. c3 Bc5 7. Bg5 h6 8. Bh4 g5 9. Bg3 Nxe4 10. Qe2 O-O 11. Bxc6 dxc6 12. Qxe4 Re8 13. Be5 Qd5 14. Qxd5 cxd5 15. O-O Rxe5 16. Nd2 Bd7 17. b4 Bb6 18. N2b3 a5 19. a3 Kf8 20. Rfe1 Rxe1+ 21. Rxe1 axb4 22. axb4 Ra3 23. Rc1 Bxd4 24. Nxd4 Ke7 25. Kf1 Kd6 26. Ke2 b6 27. Kd2 c5 28. bxc5+ bxc5 29. Nc2 Ra2 30. Ke3 Ke5 31. Ne1 Bf5 32. Nf3+ Kd6 33. h3 Be4 34. g3 Bxf3 35. Kxf3 Ra3 36. Ke2 Ke5 37. Rc2 d4 38. cxd4+ Kxd4 39. Rd2+ Kc3 40. Rd7 f5 41. Rd5 c4 42. Rxf5 Kb2 43. Rc5 Kc3 44. f4 gxf4 45. gxf4 Kd4 46. Rh5 Ra2+ 47. Kf3 c3 48. Rxh6 c2 49. Rd6+ Kc5 50. Rd8 Ra3+ 51. Ke2 Rc3 52. Rc8+ Kb4 53. Rb8+ Ka5 54. Ra8+ Kb6 55. Ra1 c1=Q 56. Rxc1 Rxc1 57. Kf3 Kc6 58. Ke4 Kd7 59. Kf5 Ke7 0-1


[Site "https://www.chess.com"]

[Event "Titled Tuesday Blitz October 31 Late 2023"]
[White "Le, Quang Liem"]
[Black "Djokic, Mihailo"]
[WhiteFideId "12401137"]
[BlackFideId "976440"]
[WhiteElo "3042"]
[BlackElo "2734"]
[Result "1-0"]
[Round "5"]
[TimeControl "180+1"]
[Date "2023.10.31"]
[WhiteClock "0:00:26"]
[BlackClock "0:00:09"]
[Board "14"]

1. Nf3 Nf6 2. c4 g6 3. Nc3 Bg7 4. e4 d6 5. d4 O-O 6. Be2 e5 7. O-O Nc6 8. Be3 Ng4 9. Bg5 f6 10. Bc1 Nh6 11. c5 dxc5 12. dxe5 fxe5 13. Qd5+ Nf7 14. Qxc5 Nd4 15. Be3 b6 16. Qc4 Be6 17. Qa6 c5 18. Rad1 Nd6 19. Ng5 Bc8 20. Qa3 h6 21. Nf3 Kh7 22. b4 Bb7 23. bxc5 bxc5 24. Nd2 Qc7 25. Rb1 Rf7 26. Bc4 Rd7 27. Bd5 a6 28. Kh1 Rf8 29. Rfc1 N6b5 30. Nxb5 Nxb5 31. Qxc5 Bxd5 32. exd5 Qxc5 33. Bxc5 Rfd8 34. a4 Rxd5 35. axb5 Rxd2 36. bxa6 Ra2 37. a7 e4 38. Rb7 Kg8 39. Rb8 1-0


[Site "https://www.chess.com"]

[Event "Titled Tuesday Blitz October 31 Late 2023"]
[White "Maximov, Dmitry"]
[Black "Paravyan, David"]
[WhiteFideId "14105659"]
[BlackFideId "4194985"]
[WhiteElo "2731"]
[BlackElo "3041"]
[Result "0-1"]
[Round "5"]
[TimeControl "180+1"]
[Date "2023.10.31"]
[WhiteClock "0:00:13"]
[BlackClock "0:01:56"]
[Board "15"]

1. e4 e5 2. Nf3 Nf6 3. Nxe5 d6 4. Nd3 Nxe4 5. Nf4 d5 6. d4 Nc6 7. c3 Bf5 8. Qb3 Bd6 9. Qxd5 Ne7 10. Qxb7 O-O 11. Be2 Ng6 12. Nxg6 fxg6 13. Be3 Rb8 14. Qd5+ Kh8 15. b3 Qh4 16. g3 Qe7 17. Qc4 Rbe8 18. Nd2 Nxf2 19. Bxf2 Bg4 20. O-O Bxe2 21. Qc6 Bxf1 22. Rxf1 Qe2 23. Nc4 h5 24. Nxd6 cxd6 25. Qxd6 Rf6 26. Qd7 Ref8 0-1


[Site "https://www.chess.com"]

[Event "Titled Tuesday Blitz October 31 Late 2023"]
[White "Erenberg, Ariel"]
[Black "Terry, Renato"]
[WhiteFideId "2811634"]
[BlackFideId "3803457"]
[WhiteElo "2718"]
[BlackElo "3012"]
[Result "0-1"]
[Round "5"]
[TimeControl "180+1"]
[Date "2023.10.31"]
[WhiteClock "0:00:00"]
[BlackClock "0:00:35"]
[Board "16"]

1. c4 e5 2. g3 Nf6 3. Bg2 c6 4. Nf3 e4 5. Nd4 d5 6. cxd5 Qxd5 7. Nc2 Qh5 8. h3 Bc5 9. Nc3 O-O 10. Nxe4 Nxe4 11. Bxe4 Re8 12. Bg2 Bf5 13. Ne3 Be4 14. f3 Bg6 15. O-O Na6 16. g4 Qh4 17. a3 Rad8 18. Qa4 Qg3 19. b4 Bd6 20. Rd1 Qh2+ 21. Kf1 Bf4 22. Bb2 Rxd2 23. Qb3 Rxe2 24. Qc3 Rxb2 25. Qxb2 Bxe3 26. Ra2 Qg1+ 27. Ke2 Qxg2+ 0-1


[Site "https://www.chess.com"]